Selects Special Operations Battlegroup
Selects M29 Weasel with M1 Pack Howitzer
M29 Weasel with M1 Pack Howitzer
M1918 Browning Automatic Rifles
Construct Weapon Support Center
M29 Weasel with M1 Pack Howitzer
M3 Armored Personnel Carrier
M29 Weasel with M1 Pack Howitzer
Selects P-47 Anti-Infantry Loiter
Selects SSF Commando Squad
M3 Armored Personnel Carrier
M18 Hellcat Tank Destroyer
Selects P-47 Anti-Infantry Loiter
Selects UNKNOWN (2162291)
M18 Hellcat Tank Destroyer
Selects Air Re-supply Operation